 Dungeon Crawl Stone Soup version 0.26-a0-712-ga5a9c9c9d0 (webtiles) character file.

Game seed: 3909710702178716807

204 FrothyCoffee the Insei (level 5, -4/45 HPs)
             Began as a Naga Transmuter on Nov 10, 2020.
             Slain by a phantom (10 damage)
             ... on level 4 of the Dungeon.
             The game lasted 00:12:08 (3401 turns).

FrothyCoffee the Insei (Naga Transmuter)            Turns: 3401, Time: 00:12:09

Health: -4/45      AC:  3    Str: 12    XL:     5   Next: 82%
Magic:  8/9        EV: 10    Int: 14    God:
Gold:   147        SH:  5    Dex: 12    Spells: 6/9 levels left

rFire    . . .     SeeInvis +     - Unarmed
rCold    . . .     Faith    .   (no shield)
rNeg     . . .     Spirit   .   a - +1 robe
rPois    +         Reflect  +   (helmet currently unavailable)
rElec    .         Harm     .   (no cloak)
rCorr    .         Rampage  .   (no gloves)
MR       .....                  (no barding)
Stlth    ++........             g - amulet of reflection
HPRegen  0.15/turn              e - ring of stealth
MPRegen  0.11/turn              i - ring of poison resistance

@: appendages, very slow
A: large, horns 2, see invisible, deformed body, poison resistance, slowness 2,
spit poison 1, AC +1
a: Spit Poison, End Transformation


You were on level 4 of the Dungeon.
You had grown temporary horns.
You visited 1 branch of the dungeon, and saw 4 of its levels.

You collected 147 gold pieces.

Inventory:

Missiles
 l - 8 poisoned darts (quivered)
Armour
 a - a +1 robe (worn)
Jewellery
 e - a ring of stealth (left hand)
 g - an amulet of reflection (around neck)
 i - a ring of poison resistance (right hand)
 o - an uncursed ring of protection from fire {unknown}
Wands
 k - a wand of polymorph (6)
Scrolls
 b - 3 scrolls of teleportation
 d - a scroll of identify
 h - a scroll of amnesia
 j - a scroll of immolation
 r - a scroll of enchant armour
Potions
 c - a potion of brilliance
 f - a potion of mutation
 n - a potion of flight {unknown}
 p - a potion of ambrosia {unknown}
 q - a potion of lignification {unknown}
 s - a potion of degeneration {unknown}


   Skills:
 + Level 2.1 Fighting
 - Level 1.5 Dodging
 * Level 4.3 Unarmed Combat
 + Level 2.8 Spellcasting
 * Level 3.7 Transmutations


You had 6 spell levels left.
You knew the following spells:

 Your Spells              Type           Power        Failure   Level
a - Beastly Appendage     Tmut           ##....       4%          1
b - Wereblood             Tmut           ##......     7%          2

Your spell library contained the following spells:

 Spells                   Type           Power        Failure   Level
 Spider Form              Tmut/Pois      #.........   30%         3
 Ice Form                 Ice/Tmut       #.......     69%         4
 Blade Hands              Tmut           ##........   78%         5


Dungeon Overview and Level Annotations

Branches:
Dungeon (4/15)
 Temple: D:4-7

Altars:
Ashenzari
Dithmenos
Hepliaklqana
Kikubaaqudgha
Okawaru
Sif Muna
Xom
Yredelemnul


Innate Abilities, Weirdness & Mutations

You cannot wear boots.
Your serpentine skin is tough. (AC +1)
You have supernaturally acute eyesight. (SInv)
Armour fits poorly on your strangely shaped body.
Your system is resistant to poisons. (rPois)
You cover ground very slowly.
You can spit poison.
You have a pair of horns on your head.


Message History

You closely miss the phantom.
The phantom is moderately damaged.
The phantom closely misses you.
You barely miss the phantom.
The phantom is moderately damaged.
The phantom hits you.
* * * LOW HITPOINT WARNING * * *
Casting: Beastly Appendage (safe; 4% risk of failure)
Confirm with . or Enter, or press ? or * to list all spells.
You grow a pair of large bovine horns.
The phantom hits you.
* * * LOW HITPOINT WARNING * * *
You barely miss the phantom.
The phantom is moderately damaged.
You hit the phantom but do no damage.
The phantom is moderately damaged.
You block the phantom's attack.
You hit the phantom but do no damage.
The phantom is moderately damaged.
The phantom hits you!
You die...

#.#,#W#.###.##
#.#,#.#.###.#
#.#,#.#...#.#
#.#,#.###.#.#
#.#,#.W.....#
#.#.#####.###
#.#.....#ยง#
######.#####.#.##
#<........@.....#
######.#...W....#
#..........#
###........#
#........#
#........#
#........#
#........#
#####....#


You could see a phantom.

Vanquished Creatures
  A hound (D:4)
  Natasha (thrice) (D:2)
  An adder (D:3)
  An ooze (D:1)
  3 worms
  2 dart slugs
  A leopard gecko (D:1)
  2 orcs (D:3)
  7 bats
  A giant cockroach (D:3)
  2 gnoll zombies (D:3)
  8 goblins
  10 hobgoblins
  2 jackals (D:1)
  6 kobolds
  3 quokkas
  2 ball pythons
  7 frilled lizards
  10 rats
72 creatures vanquished.

Notes
Turn   | Place    | Note
-------+----------+-------------------------------------------
     0 | D:1      | FrothyCoffee the Naga Transmuter began the quest for the
                  | Orb.
     0 | D:1      | Reached XP level 1. HP: 18/18 MP: 3/3
   240 | D:1      | Reached XP level 2. HP: 25/25 MP: 3/5
   306 | D:1      | Learned a level 2 spell: Wereblood
   716 | D:1      | Reached XP level 3. HP: 28/31 MP: 4/6
  1494 | D:2      | Reached XP level 4. HP: 38/38 MP: 3/7
  1726 | D:2      | Found a broken altar of Ashenzari.
  1745 | D:2      | Noticed Natasha
  1764 | D:2      | Killed Natasha
  1767 | D:2      | Noticed Natasha
  1773 | D:2      | Killed Natasha
  1799 | D:2      | Noticed Natasha
  1884 | D:2      | Killed Natasha
  1884 | D:2      | Reached skill level 4 in Unarmed Combat
  1884 | D:2      | Reached XP level 5. HP: 30/45 MP: 4/8
  2438 | D:3      | Found a shimmering altar of Xom.
  2441 | D:3      | Found a hazy altar of Hepliaklqana.
  2616 | D:3      | Found an iron altar of Okawaru.
  2616 | D:3      | Found an ancient bone altar of Kikubaaqudgha.
  2648 | D:3      | Found a shimmering blue altar of Sif Muna.
  3070 | D:3      | Found a basalt altar of Yredelemnul.
  3324 | D:4      | Found a shadowy altar of Dithmenos.
  3330 | D:4      | Noticed a phantom
  3401 | D:4      | Slain by a phantom

Illustrated notes

Levels and vault maps discovered:
D:1:      psy_arrival_terrarium, layout_basic
D:2:      layout_rooms, lemuel_round_altar, st_stairs_8, hex_intersection,
          uniq_natasha
D:3:      layout_basic, lemuel_zombie_altar_yredelemnul,
          grunt_temple_overflow_open
D:4:      kennysheep_spiral_hall, layout_basic, kennysheep_little_box

Skill      XL: |  1  2  3  4 |
---------------+-------------+-----
Transmutations | 3 |  3.7
Fighting       | 2 |  2.1
Unarmed Combat | 4 |  4.3
Dodging        | |  1.5
Spellcasting   | |  2.8

Action                   |  1- 3 |  4- 6 || total
-------------------------+-------+-------++-------
Melee: Unarmed           |    75 |    75 ||   150
       Headbutt          |     7 |    12 ||    19
       Punch             |       |     1 ||     1
Throw: Dart              |       |     1 ||     1
 Cast: Beastly Appendage |    17 |    15 ||    32
       Wereblood         |     2 |    10 ||    12
 Abil: Spit Poison       |    33 |    28 ||    61
  Use: Scroll            |       |     8 ||     8
       Potion            |       |     1 ||     1
 Stab: Sleeping          |       |     1 ||     1
Armor: Robe              |    15 |     7 ||    22
Dodge: Dodged            |    48 |    25 ||    73
Block: Other             |     6 |    16 ||    22
       Reflection        |     1 |       ||     1

Table legend: (Time is in decaauts)
 A = Elapsed time spent in this place.
 B = Non-inter-level travel time spent in this place.
 C = Inter-level travel time spent in this place.
 D = Time resting spent in this place.
 E = Time spent auto-exploring this place.
 F = Levels seen in this place.
 G = Mean time per level.
                   A        B        C        D        E       F      G
               +--------+--------+--------+--------+--------+-----+--------+
         Total |   4134 |   4035 |     99 |    639 |   2519 |   4 | 1033.5 |
       Dungeon |   4134 |   4035 |     99 |    639 |   2519 |   4 | 1033.5 |
               +--------+--------+--------+--------+--------+-----+--------+

Top non-repeatable levels by time:
     D:1: 1378 daAuts
     D:3: 1332 daAuts
     D:2: 1110 daAuts
     D:4: 313 daAuts
